 Dungeon Crawl Stone Soup version 0.24-a0-433-gbe6fa4f6cc (webtiles) character file.

Game seed: 10747067452995838409

2 Amnesiac the Charmwright (level 1, -1/16 HPs)
             Began as a Merfolk Skald on June 14, 2019.
             Slain by a leopard gecko (2 damage)
             ... on level 1 of the Dungeon.
             The game lasted 00:00:14 (79 turns).

Amnesiac the Charmwright (Merfolk Skald)              Turns: 79, Time: 00:00:15

Health: -1/16      AC:  3    Str: 11    XL:     1   Next: 30%
Magic:  3/3        EV: 12    Int: 12    God:
Gold:   20         SH:  0    Dex: 13    Spells: 3/4 levels left

rFire    . . .     SeeInvis .   a - +0 spear
rCold    . . .     Gourm    .   (no shield)
rNeg     . . .     Faith    .   b - +0 leather armour
rPois    .         Spirit   .   (no helmet)
rElec    .         Reflect  .   (no cloak)
rCorr    .         Harm     .   (no gloves)
MR       .....                  (no boots)
Stlth    +.........             (no amulet)
HPRegen  0.05/turn              (no ring)
MPRegen  0.08/turn              (no ring)

@: no status effects
A: change form in water, swift swim, stealthy swim
a: no special abilities


You were on level 1 of the Dungeon.
You were not hungry.

You visited 1 branch of the dungeon, and saw 1 of its levels.

You collected 20 gold pieces.

Inventory:

Hand Weapons
 a - a +0 spear (weapon)
Armour
 b - a +0 leather armour (worn)
Scrolls
 c - a scroll of remove curse {!r, unknown}
Comestibles
 d - a ration
 f - 2 chunks of flesh


   Skills:
 - Level 2.1 Fighting
 - Level 3.0 Polearms
 - Level 0.6 Armour
 - Level 2.6 Dodging
 - Level 2.0 Spellcasting
 + Level 3.4 Charms


You had 3 spell levels left.
You knew the following spells:

 Your Spells              Type           Power        Failure   Level  Hunger
a - Infusion              Chrm           #...         9%          1    ##.....

Your spell library contained the following spells:

 Spells                   Type           Power        Failure   Level  Hunger
 Song of Slaying          Chrm           #.......     13%         2    ###....
 Shroud of Golubria       Chrm/Tloc      #.....       26%         2    ###....
 Regeneration             Chrm/Necr      #.........   47%         3    ####...
 Spectral Weapon          Hex/Chrm       #.......     47%         3    ####...


Dungeon Overview and Level Annotations

Branches:
Dungeon (1/15)

Altars:


Message History

Welcome, Amnesiac the Merfolk Skald.
It is said that the Orb of Zot exists deep within this dungeon.
Press ? for a list of commands and other information.
Found a staircase leading out of the dungeon.
You open the door.
There is an open door here.
Found a shield.
c - a scroll labeled NUVANE QUZIS {!r} You open the door.
Found a robe.
There is an open door here.
A leopard gecko comes into view.
You see here a robe.
A leopard gecko is nearby!
The leopard gecko hisses angrily.
You see here 6 gold pieces.
You now have 6 gold pieces.
You barely miss the leopard gecko. The leopard gecko bites you.
You miss the leopard gecko. The leopard gecko closely misses you.
You hit the leopard gecko.
You kill the leopard gecko!
No target in view!
No target in view!
You butcher the leopard gecko corpse.
f - 2 chunks of flesh You see here a leopard gecko skeleton. x2
You now have 20 gold pieces (gained 14).
Found 11 arrows.
A kobold comes into view. It is wielding a +0 short sword.
The kobold shouts!
A leopard gecko comes into view.
You barely miss the kobold. The kobold hits you but does no damage.
You completely miss the kobold. The kobold closely misses you.
The leopard gecko misses you.
You closely miss the leopard gecko.
The kobold hits you with a +0 short sword.
The leopard gecko bites you.
You hit the leopard gecko.
The leopard gecko is severely wounded.
The kobold closely misses you. The leopard gecko bites you.
* * * LOW HITPOINT WARNING * * *
You closely miss the leopard gecko.
The leopard gecko is severely wounded.
The kobold hits you with a +0 short sword.
* * * LOW HITPOINT WARNING * * *
The leopard gecko barely misses you.
You hit the leopard gecko but do no damage.
The leopard gecko is severely wounded.
The kobold hits you with a +0 short sword.
* * * LOW HITPOINT WARNING * * *
The leopard gecko bites you.
* * * LOW HITPOINT WARNING * * *
You are too injured to fight recklessly!
The leopard gecko completely misses you.
The leopard gecko bites you.
You die...

. #................≈.≈.....
.. .........................
...#######............(......
.........#...................
.........#............#......
.........#............# .....
.......÷..............# ....
...........[...K......# ...
.#####........@l......# ##
#.....##.#########
########'############
≈≈≈≈≈≈≈.≈≈≈≈≈≈≈≈≈≈≈#
..PP.P≈.≈PP.♣PPP♣.≈#
P♣.♣..≈.≈♣PP.♣PPPP≈#
≈≈≈≈≈≈≈.≈≈≈≈≈≈≈≈≈≈≈#
≈≈≈≈.....≈≈≈≈≈≈≈≈≈#
♣PPP≈[###.≈PPP.P♣P≈#


You could see a leopard gecko and a kobold.

Vanquished Creatures
  A leopard gecko (D:1)
1 creature vanquished.

Notes
Turn   | Place    | Note
-------+----------+-------------------------------------------
     0 | D:1      | Amnesiac the Merfolk Skald began the quest for the Orb.
     0 | D:1      | Reached XP level 1. HP: 16/16 MP: 3/3
    79 | D:1      | Slain by a leopard gecko

Levels and vault maps discovered:
D:1:      lightli_arrival_farm, layout_basic, columned_hall_lemuel,
          serial_bayou_pond_d

Action                   || total
-------------------------++-------
Melee: Spear             ||     9
Armor: Leather armour    ||     1
Dodge: Dodged            ||     6

Table legend:
 A = Non-vault XP
 B = Vault XP
 C = Vault XP percentage of total XP
 D = Non-vault monster count
 E = Vault monster count
 F = Vault count percentage of total count
                 A         B        C        D         E       F
            +---------+---------+-------+---------+---------+-------
      Total |       3 |       0 |   0.0 |       1 |       0 |   0.0
            +---------+---------+-------+---------+---------+-------
        D:1 |       3 |       0 |   0.0 |       1 |       0 |   0.0
            +---------+---------+-------+---------+---------+-------
